 Dungeon Crawl Stone Soup version 0.18.1-48-g4cf74bf (webtiles) character file.

6538 Gadfly the Grappler (level 10, -8/90 HPs)
             Began as a Minotaur Monk on Aug 11, 2016.
             Was a High Priest of Makhleb.
             Mangled by an orc warlord
             ... wielding a +0 broad axe
              (18 damage)
             ... on level 9 of the Dungeon.
             The game lasted 00:21:56 (9936 turns).

Gadfly the Grappler (Minotaur Monk)                 Turns: 9936, Time: 00:21:57

Health: -8/90      AC: 13    Str: 17    XL:     10   Next: 70%
Magic:  15/15      EV: 17    Int:  7    God:    Makhleb [*****.]
Gold:   674        SH:  0    Dex: 15    Spells: 0 memorised, 9 levels left

rFire  . . .     SeeInvis +       - Unarmed
rCold  . . .     Gourm    .     r - +1 ring mail {MR+}
rNeg   . . .     Faith    .     (no shield)
rPois  .         Spirit   .     (helmet unavailable)
rElec  .         Dismiss  .     y - +0 cloak
rCorr  .         Reflect  .     s - +2 pair of gloves
SustAt .         Harm     .     (no boots)
MR     +....                    (no amulet)
Stlth  +.........               (no ring)
                                (no ring)

@: somewhat resistant to hostile enchantments, very unstealthy
A: retaliatory headbutt, horns 3, molten scales 1, see invisible, high mp 1,
subdued magic 1
a: Minor Destruction, Lesser Servant of Makhleb, Major Destruction, Greater
Servant of Makhleb, Renounce Religion


You were on level 9 of the Dungeon.
You worshipped Makhleb.
Makhleb was extremely pleased with you.
You were not hungry.

You visited 2 branches of the dungeon, and saw 10 of its levels.

You collected 674 gold pieces.

Inventory:

Armour
 r - a +1 ring mail of magic resistance (worn)
 s - a +2 pair of gloves (worn)
 y - a +0 cloak (worn)
 B - a +0 troll leather armour
Jewellery
 g - an uncursed ring of ice
Wands
 k - a wand of digging (8/24)
 l - a wand of iceblast (15/15)
 o - a wand of polymorph (14/24)
 v - a wand of slowing (24/48)
Scrolls
 c - a scroll of remove curse
 e - 8 scrolls of identify
 z - 3 scrolls of teleportation
Potions
 d - 2 potions of cure mutation
 f - 3 potions of curing
 i - a potion of might
 j - a potion of flight
 q - 2 potions of haste
 A - 2 potions of agility
Comestibles
 a - 6 meat rations
 b - 8 bread rations
 h - 4 fruits
 m - a slice of pizza
 n - 2 beef jerkies
 p - 8 chunks of flesh


   Skills:
 + Level 8.5 Fighting
 + Level 7.7 Armour
 + Level 9.9 Dodging
 - Level 1.5 Stealth
 + Level 10.3 Unarmed Combat
 * Level 6.0 Invocations


You had 9 spell levels left.
You didn't know any spells.

Dungeon Overview and Level Annotations

Branches:
Dungeon (9/15)             Temple (0/1) D:5             Orc (1/2) D:9
   Lair: D:8-11

Altars:
Ashenzari
Cheibriados
Dithmenos
Fedhas
Gozag
Makhleb
Pakellas
Sif Muna
Vehumet
Xom
Yredelemnul
The Shining One


Innate Abilities, Weirdness & Mutations

You reflexively headbutt those who attack you in melee.
You have a pair of large horns on your head.
You are partially covered in molten scales (AC +1).
You have supernaturally acute eyesight.
You have an increased reservoir of magic (+10% MP).
Your spells are a little easier to cast, but a little less powerful.


Message History

The orc warlord hits you with a broad axe!!
The orc warlord blocks your attack.
Your headbutt misses the orc warlord.
The orc warlord is lightly wounded.
The orc warlord hits you but does no damage.
The orc warlord blocks your attack.
The orc warlord is lightly wounded.
You hit the orc warlord but do no damage.
You headbutt the orc warlord!
The orc warlord is lightly wounded.
The orc warlord hits you with a broad axe!
You barely miss the orc warlord. The orc warlord blocks your attack.
The orc warlord is lightly wounded.
You hit the orc warlord but do no damage.
The orc warlord is lightly wounded.
The orc warlord hits you with a broad axe!!
* * * LOW HITPOINT WARNING * * *
You punch the orc warlord! Your headbutt misses the orc warlord.
The orc warlord is moderately wounded.
The orc warlord hits you with a broad axe!!
You die...

...........#......## ##...#..
..........#........# #......
.....>....#........# ##.....
..........####.....#### ##.....
.(........#.....8.....# ##......
..#.......#...........####.......
.......................#.........
.......(...8...[>....8...........
...............o@)...............
..........#...........#..........
..........#.....8.....#........##
......(...####.....####......###
.......)?.|..).....##.....#..#
#.......)(...[...#.#......#..##
......(...(..)..#.#........#..#
...........................#..#
....PP(..PP...............!...##


You could see an orc warlord.

Vanquished Creatures
  The ghost of grimtooth the Covert, a novice OpIE of Makhleb (D:9)
  A centaur zombie (D:9)
  2 trolls (D:9)
  A two-headed ogre (D:8)
  A spriggan (D:8)
  Sigmund (D:3)
  Menkaure (D:7)
  Duvessa (D:7)
  2 sky beasts
  3 ice beasts
  2 orc warriors
  An eye of draining (D:9)
  2 phantoms
  7 ogres
  3 centaurs
  2 crocodiles
  2 big kobolds
  A gnoll sergeant (D:6)
  6 giant frogs
  Dowan (D:7)
  A scorpion (D:4)
  A wyvern skeleton (D:7)
  3 killer bees (D:8)
  A howler monkey (D:9)
  3 wights (D:6)
  7 hounds
  4 crimson imps
  2 orc priests (D:6)
  A jelly (D:8)
  A giant frog skeleton (D:7)
  2 centaur skeletons
  Ijyb (D:3)
  6 orc wizards
  5 iguanas
  2 worker ants
  A hound skeleton (D:6)
  Robin (D:3)
  A howler monkey zombie (D:6)
  5 gnolls (D:6)
  9 adders
  2 shadow imps
  2 adder zombies
  3 worms
  3 dart slugs
  5 giant geckos
  26 orcs
  A ball python (D:3)
  4 giant cockroaches
  17 goblins
  21 hobgoblins
  14 jackals
  18 kobolds
  6 quokkas
  8 bats
  A giant gecko skeleton (D:4)
  2 giant newts
  4 rats
  A plant (D:9)
236 creatures vanquished.

Vanquished Creatures (collateral kills)
  The ghost of Maruxus the Cleaver, a novice MiBe of Trog (D:8)
  2 wights (D:6)
3 creatures vanquished.

Vanquished Creatures (others)
  A wyvern (D:6)
1 creature vanquished.

Grand Total: 240 creatures vanquished

Notes
Turn   | Place    | Note
--------------------------------------------------------------
     0 | D:1      | Gadfly the Minotaur Monk began the quest for the Orb.
     0 | D:1      | Reached XP level 1. HP: 19/19 MP: 0/0
    42 | D:1      | Reached XP level 2. HP: 20/27 MP: 1/1
   229 | D:1      | Reached skill level 5 in Unarmed Combat
   533 | D:1      | You fall through a shaft!
   606 | D:2      | Found a radiant altar of Vehumet.
   623 | D:2      | Reached XP level 3. HP: 26/33 MP: 2/2
  1153 | D:2      | Found a glowing golden altar of the Shining One.
  1199 | D:2      | Reached XP level 4. HP: 39/40 MP: 3/3
  1662 | D:3      | Noticed Sigmund
  1673 | D:3      | Killed Sigmund
  1673 | D:3      | Reached XP level 5. HP: 33/46 MP: 4/4
  1685 | D:3      | Reached skill level 5 in Dodging
  1926 | D:3      | Reached XP level 6. HP: 53/53 MP: 5/5
  2035 | D:3      | Found a burning altar of Makhleb.
  2051 | D:3      | Found a shadowy altar of Dithmenos.
  2155 | D:3      | Noticed Robin
  2155 | D:3      | Noticed Ijyb
  2165 | D:3      | Killed Ijyb
  2165 | D:3      | Reached skill level 6 in Unarmed Combat
  2177 | D:3      | Killed Robin
  2374 | D:3      | Found a blossoming altar of Fedhas.
  2867 | D:4      | Reached XP level 7. HP: 25/60 MP: 6/6
  3692 | D:3      | Became a worshipper of Makhleb the Destroyer
  3692 | D:3      | Reached * piety under Makhleb
  3692 | D:3      | Reached ** piety under Makhleb
  3820 | D:4      | Reached skill level 5 in Fighting
  4071 | D:4      | Gained mutation: You are robust (+10% HP). [potion of mutation]
  4071 | D:4      | Gained mutation: You are partially covered in molten scales (AC +1). [potion of mutation]
  4071 | D:4      | Gained mutation: You have supernaturally acute eyesight. [potion of mutation]
  4072 | D:4      | Gained mutation: You have very sharp teeth. [potion of beneficial mutation]
  4073 | D:4      | Gained mutation: You have an increased reservoir of magic (+10% MP). [potion of beneficial mutation]
  4084 | D:5      | Entered Level 5 of the Dungeon
  4198 | D:5      | Found a snail-covered altar of Cheibriados.
  4264 | D:5      | Lost mutation: You have very sharp teeth. [potion of cure mutation]
  4264 | D:5      | Lost mutation: You are robust (+10% HP). [potion of cure mutation]
  4320 | D:5      | Found a staircase to the Ecumenical Temple.
  4667 | D:5      | Reached skill level 1 in Invocations
  4712 | D:5      | Found a shimmering altar of Xom.
  4717 | D:5      | Found an opulent altar of Gozag.
  4738 | D:5      | Found an oddly glowing altar of Pakellas.
  4782 | D:6      | Reached skill level 7 in Unarmed Combat
  4782 | D:6      | Reached XP level 8. HP: 56/69 MP: 9/9
  4888 | D:6      | Reached skill level 5 in Armour
  5053 | D:6      | Found a deep blue altar of Sif Muna.
  5246 | D:6      | Reached *** piety under Makhleb
  5665 | D:6      | Reached skill level 8 in Unarmed Combat
  5822 | D:6      | Reached XP level 9. HP: 70/75 MP: 11/11
  5924 | D:6      | Reached **** piety under Makhleb
  6253 | D:6      | Found an oddly glowing altar of Pakellas.
  6253 | D:6      | Noticed an orange crystal statue
  6451 | D:7      | Noticed Duvessa
  6452 | D:7      | Noticed Dowan
  6467 | D:7      | Killed Duvessa
  6684 | D:7      | Killed Dowan
  6790 | D:7      | Found a basalt altar of Yredelemnul.
  6832 | D:7      | Noticed Menkaure
  6846 | D:7      | Killed Menkaure
  6846 | D:7      | Reached skill level 9 in Unarmed Combat
  6931 | D:7      | Gained mutation: Your spells are a little easier to cast, but a little less powerful. [mutagenic meat]
  6934 | D:7      | Gained mutation: You have a pair of large horns on your head. [mutagenic meat]
  7180 | D:8      | Found a shattered altar of Ashenzari.
  7198 | D:8      | Noticed Maruxus's ghost (novice MiBe)
  7216 | D:8      | Killed Maruxus's ghost
  7503 | D:8      | Reached XP level 10. HP: 65/86 MP: 14/14
  7748 | D:8      | Reached skill level 5 in Invocations
  8281 | D:9      | Found a staircase to the Orcish Mines.
  8599 | D:9      | Noticed grimtooth's ghost (novice OpIE)
  8624 | D:9      | Killed grimtooth's ghost
  8624 | D:9      | Reached skill level 10 in Unarmed Combat
  9778 | Orc:1    | Entered Level 1 of the Orcish Mines
  9780 | Orc:1    | Noticed an orc warlord
  9912 | D:9      | Reached ***** piety under Makhleb
  9936 | D:9      | Mangled by an orc warlord

Skill      XL: |  1  2  3  4  5  6  7  8  9 10 |
---------------+-------------------------------+-----
Unarmed Combat | 5 6 7 8 9 10 | 10.3
Dodging        | 4 5 6 7 9 |  9.9
Fighting       | 4 5 6 7 8 |  8.5
Armour         | 2 3 4 5 7 |  7.7
Invocations    | 1 3 4 6 |  6.0
Stealth        | |  1.5

Action                   |  1- 3 |  4- 6 |  7- 9 | 10-12 || total
-------------------------+-------+-------+-------+-------++-------
Melee: Unarmed           |    73 |   116 |   407 |   183 ||   779
       Headbutt          |    10 |    28 |    71 |    48 ||   157
       Punch             |       |     1 |    16 |     8 ||    25
       Bite              |       |       |     1 |       ||     1
Invok: Lesser Servant of |       |       |     2 |     1 ||     3
  Use: Scroll            |     5 |     3 |     8 |     5 ||    21
       Potion            |     4 |     2 |     8 |     2 ||    16
 Stab: Invisible         |     1 |       |       |       ||     1
       Sleeping          |       |       |     1 |       ||     1
       Distracted        |       |       |     1 |       ||     1
  Eat: Chunk             |     1 |     5 |    16 |     9 ||    31
       Bread ration      |       |       |     1 |       ||     1
Armor: Robe              |     8 |       |       |       ||     8
       Leather armour    |     3 |       |       |       ||     3
       Ring mail         |     3 |    38 |   120 |    42 ||   203
       Troll leather arm |       |       |       |     4 ||     4
Dodge: Dodged            |    72 |    95 |   268 |   123 ||   558
